 Dungeon Crawl Stone Soup version 0.26.1-11-gd32895ea62 (webtiles) character file.

Game seed: 4058472176342607995

9166 raph the Basher (level 11, -5/153 HPs)
             Began as a Troll Berserker on June 6, 2021.
             Was an Elder of Trog.
             Slain by a killer bee (10 damage)
             ... on level 1 of the Lair of Beasts.
             The game lasted 00:18:12 (10327 turns).

raph the Basher (Troll Berserker)                  Turns: 10327, Time: 00:18:14

Health: -5/153     AC:  7    Str: 27    XL:     11   Next: 19%
Magic:  0/10       EV: 13    Int:  6    God:    Trog [****..]
Gold:   381        SH:  0    Dex: 18    Spells: 10/10 levels left

rFire    + . .     SeeInvis .   a - +8 giant spiked club (vorpal)
rCold    . . .     Faith    .   (shield currently unavailable)
rNeg     . . .     Spirit   +   b - +1 animal skin
rPois    .         Reflect  .   (helmet restricted)
rElec    +         Harm     .   (no cloak)
rCorr    .         Rampage  .   (gloves unavailable)
Will     .....                  (boots unavailable)
Stlth    ..........             t - amulet of guardian spirit
HPRegen  0.75/turn              v - +6 ring of dexterity
MPRegen  0.12/turn              L - ring "Acapsui" {rElec rF+ Int+3 Stlth+}

@: berserking (expiring), lethally poisoned (-5 -> -20), very quick
A: large, unfitting armour, claws 3, regeneration 1, shaggy fur 1, tough skin 3
a: Renounce Religion, Berserk, Trog's Hand, Brothers in Arms


You were on level 1 of the Lair of Beasts.
You worshipped Trog.
Trog was greatly pleased with you.
You visited 2 branches of the dungeon, and saw 10 of its levels.
You also visited: Ossuary.

You collected 486 gold pieces.
You spent 105 gold pieces at shops.

Inventory:

Hand Weapons
 a - a +8 vorpal giant spiked club (weapon)
 c - a +0 mace
 y - a +2 whip of electrocution
 H - the +7 great mace of Domination {vorpal, Will+}
   (Trog gifted it to you on level 8 of the Dungeon)

   It inflicts extra damage upon your enemies.
   It affects your willpower, your defense against some magical effects.
 O - a +2 giant spiked club
Missiles
 d - 17 poisoned darts (quivered)
 u - a throwing net
Armour
 b - a +1 animal skin (worn)
Jewellery
 l - an uncursed ring of protection from fire
 t - an amulet of guardian spirit (around neck)
 v - a +6 ring of dexterity (left claw)
 w - an uncursed ring of magical power
 x - a +6 ring of strength
 C - an uncursed amulet of magic regeneration
 K - an uncursed ring of positive energy
 L - the ring "Acapsui" (right claw) {rElec rF+ Int+3 Stlth+}
   (You found it on level 9 of the Dungeon)

   [ring of protection from fire]

   It affects your intelligence (+3).
   It protects you from fire.
   It insulates you from electricity.
   It makes you more stealthy.
Wands
 h - a wand of flame (59)
 o - a wand of polymorph (8)
 p - a wand of digging (10)
 E - a wand of iceblast (13)
 F - a wand of disintegration (2)
Scrolls
 f - 4 scrolls of teleportation
 g - 2 scrolls of blinking
 k - a scroll of magic mapping
 m - 5 scrolls of enchant armour
 r - 7 scrolls of identify
 s - 9 scrolls of remove curse
 z - 2 scrolls of fog
 B - 3 scrolls of silence
Potions
 e - 3 potions of cancellation
 j - 2 potions of lignification
 n - 3 potions of brilliance
 q - 2 potions of might
 A - 6 potions of heal wounds
 D - 2 potions of mutation
 G - a potion of attraction
 I - a potion of flight
 J - a potion of haste
 N - a potion of resistance {unknown}


   Skills:
 - Level 5.1 Fighting
 + Level 13.3 Maces & Flails
 - Level 4.3 Armour
 - Level 5.1 Dodging


You had 10 spell levels left.
You didn't know any spells.
Your spell library was empty.

Dungeon Overview and Level Annotations

Branches:
Dungeon (9/15)             Temple (0/1) D:7            Lair (1/6) D:9
Ossuary (visited)
    Orc: D:9-12

Altars:
Ashenzari
Dithmenos
Fedhas
Hepliaklqana
Sif Muna
Uskayaw
Wu Jian
Xom
Zin
The Shining One

Shops:
D:4 ?   D:7 [


Innate Abilities, Weirdness & Mutations

You are too large for most types of armour.
You have claws for hands.
Your natural rate of healing is unusually fast.
You are covered in fur. (AC +1)
You have extremely tough skin. (AC +3)


Message History

You closely miss the killer bee.
You feel sick. The killer bee stings you.
* * * LOW HITPOINT WARNING * * *
You are lethally poisoned!
The killer bee poisons you! The killer bee stings you.
* * * LOW HITPOINT WARNING * * *
Your ogre completely misses the killer bee.
The killer bee closely misses you.
The killer bee stings you but does no damage.
You skewer the queen bee like a kebab!!!
You kill the queen bee!
Trog accepts your kill.
* * * LOW HITPOINT WARNING * * *
You feel sick. The killer bee stings you.
* * * LOW HITPOINT WARNING * * *
The killer bee stings you but does no damage.
The killer bee closely misses you.
Your ogre barely misses the killer bee.
You barely miss the killer bee.
* * * LOW HITPOINT WARNING * * *
You feel sick. The killer bee stings you!
You die...

##### ### #### ###
##...## #.# ...# ..
#P...P# #.## ...# #.
#..).P# #..# ...# #<
##...#####.## ##..#
##.
#.........#####...#
##†.
##.#.###.......Oy.##
######.#. #....#
##......@†..#
#........ ##.>.#
#..#####y..#
##..####. #...#
##..# #..## #..## #.
###..## #..## #..#
#..P# #.
.....#####.# #..
###..## #.
##....##.#.#
..#.#.###.#yy###..
#...#####..#
y†.......yyy......
....# #.##
yy#......yyy####.#
....# ###
#.......yy#


You could see 2 killer bees and a friendly ogre (summoned, berserk, very
poisoned).

Vanquished Creatures
  A hydra (Lair:1)
  2 two-headed ogres (D:9)
  Pikel (D:7)
  A cane toad (Lair:1)
  A komodo dragon (D:9)
  A queen bee (Lair:1)
  A hornet (D:8)
  2 wyverns
  A yak (D:9)
  A water moccasin (D:9)
  Duvessa (D:7)
  2 black bears
  An ice beast (D:5)
  A phantom (D:5)
  5 orc warriors
  6 ogres
  2 centaurs (D:7)
  10 bullfrogs
  Dowan (D:7)
  10 killer bees (Lair:1)
  9 scorpions
  4 wights (D:9)
  A howler monkey (D:6)
  A centaur zombie (Ossuary)
  7 hounds
  2 quasits
  2 bullfrog zombies
  3 human zombies (Ossuary)
  8 orc priests
  A gnoll shaman (D:4)
  3 bullfrog skeletons
  5 orc wizards
  Natasha (thrice) (D:2)
  2 iguanas
  4 worker ants
  3 killer bee zombies
  2 big kobold zombies (Ossuary)
  3 mummies (Ossuary)
  A howler monkey zombie (D:7)
  Robin (D:2)
  7 gnolls
  A scorpion zombie (Ossuary)
  9 adders
  A river rat (D:4)
  2 shadow imps
  3 white imps
  An ufetubus (D:9)
  2 oozes
  An adder skeleton (D:4)
  4 worms
  A dart slug (D:1)
  10 leopard geckos
  34 orcs
  8 giant cockroaches
  12 hobgoblins
  14 jackals
  6 quokkas
  A ball python skeleton (D:5)
  10 bats
  4 frilled lizards
  A gnoll zombie (Ossuary)
  16 goblins
  A goblin zombie (Ossuary)
  3 hobgoblin zombies (Ossuary)
  11 kobolds
  2 kobold zombies (Ossuary)
  A leopard gecko skeleton (D:6)
  4 orc zombies (Ossuary)
  8 rats
294 creatures vanquished.

Vanquished Creatures (collateral kills)
  A rime drake (Lair:1)
  A killer bee (Lair:1)
2 creatures vanquished.

Vanquished Creatures (others)
  32 fungi (D:9)
  51 plants
83 creatures vanquished.

Grand Total: 379 creatures vanquished

Notes
Turn   | Place    | Note
-------+----------+-------------------------------------------
     0 | D:1      | raph the Troll Berserker began the quest for the Orb.
     0 | D:1      | Reached XP level 1. HP: 22/22 MP: 0/0
    94 | D:1      | Reached skill level 3 in Maces & Flails
   112 | D:1      | Reached XP level 2. HP: 23/29 MP: 1/1
   343 | D:1      | Reached XP level 3. HP: 34/36 MP: 2/2
   435 | D:1      | Reached ** piety under Trog
   497 | D:1      | Reached skill level 4 in Maces & Flails
   785 | D:2      | Noticed Natasha
   845 | D:2      | Killed Natasha
   886 | D:2      | Reached XP level 4. HP: 44/44 MP: 3/3
   892 | D:2      | Noticed Natasha
   897 | D:2      | Killed Natasha
  1048 | D:2      | Noticed Natasha
  1053 | D:2      | Killed Natasha
  1054 | D:2      | Reached skill level 5 in Maces & Flails
  1180 | D:2      | Found an ornate altar of the Wu Jian Council.
  1347 | D:2      | Noticed Robin
  1368 | D:2      | Reached XP level 5. HP: 42/50 MP: 4/4
  1378 | D:2      | Killed Robin
  2274 | D:3      | Reached *** piety under Trog
  2599 | D:3      | Found a glowing golden altar of the Shining One.
  2612 | D:3      | Reached skill level 6 in Maces & Flails
  2619 | D:3      | Reached XP level 6. HP: 59/59 MP: 5/5
  2788 | D:3      | Found a blossoming altar of Fedhas.
  3193 | D:3      | Found a hide-covered altar of Uskayaw.
  3677 | D:4      | Found Pokhluh's Magic Scroll Emporium.
  3687 | D:4      | Reached skill level 7 in Maces & Flails
  3689 | D:4      | Bought a scroll of magic mapping for 49 gold pieces
  3689 | D:4      | Bought a scroll of identify for 28 gold pieces
  3689 | D:4      | Bought a scroll of identify for 28 gold pieces
  3788 | D:4      | Reached XP level 7. HP: 58/66 MP: 6/6
  3910 | D:4      | Found a shadowy altar of Dithmenos.
  3910 | D:4      | Found a broken altar of Ashenzari.
  3918 | D:4      | Found a faded altar of an unknown god.
  3920 | D:4      | Found a hazy altar of Hepliaklqana.
  3922 | D:4      | Found a faded altar of an unknown god.
  4549 | D:5      | Entered Level 5 of the Dungeon
  4640 | D:5      | Reached skill level 8 in Maces & Flails
  4803 | D:5      | Reached **** piety under Trog
  4812 | D:5      | Found a shimmering blue altar of Sif Muna.
  5312 | D:5      | Reached skill level 9 in Maces & Flails
  5312 | D:5      | Reached XP level 8. HP: 74/74 MP: 7/7
  5377 | D:5      | Found a glowing silver altar of Zin.
  5377 | D:5      | Noticed an angel
  5885 | D:6      | Found a sand-covered staircase.
  5893 | Ossuary  | Entered an ossuary
  5926 | Ossuary  | Reached skill level 10 in Maces & Flails
  6457 | Ossuary  | Reached skill level 11 in Maces & Flails
  6700 | D:6      | Reached XP level 9. HP: 78/80 MP: 6/8
  6789 | D:6      | Reached ***** piety under Trog
  7148 | D:7      | Noticed Duvessa
  7148 | D:7      | Noticed Dowan
  7156 | D:7      | Killed Duvessa
  7167 | D:7      | Killed Dowan
  7248 | D:7      | Reached skill level 1 in Armour
  7324 | D:7      | Noticed Pikel
  7366 | D:7      | Killed Pikel
  7565 | D:7      | Found a staircase to the Ecumenical Temple.
  7609 | D:7      | Found Nacupoas's Antique Armour Boutique.
  7858 | D:7      | Reached skill level 12 in Maces & Flails
  8167 | D:8      | Received a gift from Trog
  8187 | D:8      | Got a bloodstained great mace {god gift}
  8188 | D:8      | Identified the +7 great mace of Domination {vorpal, Will+}
                  | (Trog gifted it to you on level 8 of the Dungeon)
  8220 | D:8      | Reached XP level 10. HP: 57/91 MP: 3/9
  8373 | D:8      | Found a shimmering altar of Xom.
  8822 | D:9      | Got a coiled silver ring
  8824 | D:9      | Identified the ring "Acapsui" {rElec rF+ Int+3 Stlth+} (You
                  | found it on level 9 of the Dungeon)
  8991 | D:9      | Found a staircase to the Lair.
  8993 | D:9      | Noticed a two-headed ogre
  9007 | D:9      | Killed a two-headed ogre
  9232 | D:9      | Noticed a two-headed ogre
  9239 | D:9      | Killed a two-headed ogre
  9670 | D:9      | Received a gift from Trog
  9675 | D:9      | Reached skill level 13 in Maces & Flails
  9817 | Lair:1   | Entered Level 1 of the Lair of Beasts
  9858 | Lair:1   | Noticed a six-headed hydra
  9859 | Lair:1   | Noticed a cane toad
  9870 | Lair:1   | Reached skill level 5 in Fighting
  9870 | Lair:1   | Reached skill level 5 in Dodging
  9938 | Lair:1   | Killed a cane toad
  9939 | Lair:1   | Reached XP level 11. HP: 71/102 MP: 6/10
  9959 | Lair:1   | Killed a six-headed hydra
 10326 | Lair:1   | HP: 6/153 [killer bee (4)]
 10327 | Lair:1   | Slain by a killer bee

Illustrated notes

Levels and vault maps discovered:
D:1:      minmay_arrival_split_and_join, layout_rooms, st_stairs_9,
          chequers_serial_rivers_small_a, serial_bayou_pond_c
D:2:      layout_rooms, lemuel_round_altar, minmay_box_of_dots, uniq_robin,
          uniq_natasha
D:3:      corexii_shack_village, layout_basic, tso_metal_star, fedhas_altar_2,
          nicolae_overflow_hidden_temple, due_unseen_surprise
D:4:      layout_loops_ring, chequers_temple_overflow_minitemple, serial_shops,
          nicolae_shop_trees, gup_sewer_entry_bubbles, minmay_misc_feat_rugged
D:5:      wad_river_or_something, layout_basic, zin_angel, old_standard_altar,
          chequers_serial_rivers_large_b
D:6:      layout_loops_ring, serial_glass, glass_columns_c, glass_columns_a,
          chequers_ossuary_entry_cave
D:7:      layout_gridville, minmay_temple_entry_enclosed_plants, serial_shops,
          shop, uniq_duvessa, uniq_pikel
D:8:      layout_cave_pools, xom_teletrap_fun
D:9:      layout_roguey, due_lair_maze_entry_diamond, minmay_starry_boxes
Lair:1:   layout_small_grid, special_room [special_room_bee],
          grunt_megastairs_4, lemuel_fruit_tree, serial_bayou_shore_a,
          infiniplex_staircase_pool_2

Skill      XL: |  1  2  3  4  5  6  7  8  9 10 |
---------------+-------------------------------+-----
Maces & Flails | 3 4 5 6 7 9 11 12 13 | 13.3
Armour         | 2 4 |  4.3
Fighting       | 3 5 |  5.1
Dodging        | 3 5 |  5.1

Action                   |  1- 3 |  4- 6 |  7- 9 | 10-12 || total
-------------------------+-------+-------+-------+-------++-------
Melee: Mace              |   102 |   228 |       |       ||   330
       Giant spiked club |       |    10 |   301 |   156 ||   467
       Great mace        |       |       |     8 |    33 ||    41
Invok: Berserk           |     2 |     7 |    13 |     9 ||    31
       Trog's Hand       |       |     2 |       |     2 ||     4
       Brothers in Arms  |       |       |       |     2 ||     2
Evoke: Wand              |       |    11 |     2 |     1 ||    14
  Use: Scroll            |       |     7 |    15 |     6 ||    28
       Potion            |       |       |       |     2 ||     2
 Stab: Sleeping          |     1 |     3 |     4 |     3 ||    11
Armor: Animal skin       |    47 |   140 |   141 |    82 ||   410
Dodge: Dodged            |    59 |   190 |   244 |   183 ||   676
